 Dungeon Crawl Stone Soup version 0.30-a0-913-g9934a0c (webtiles) character file.

Game seed: 12023368197235824761

4955 Dorkslayer the Protected (level 10, -13/61 HPs)
             Began as a Gargoyle Fighter on Mar 19, 2023.
             Was a High Priest of Okawaru.
             Mangled by a white ugly thing (33 damage)
             ... on level 9 of the Dungeon.
             The game lasted 00:24:41 (5949 turns).

Dorkslayer the Protected (Gargoyle Fighter)         Turns: 5949, Time: 00:24:42

Health: -13/61     AC: 32    Str: 21    XL:     10   Next: 53%
Magic:  9/9        EV:  7    Int:  8    God:    Okawaru [*****.]
Gold:   597        SH:  7    Dex:  9    Spells: 9/9 levels left

rFire   . . .      SeeInvis +    C - +4 morningstar "Jogotol" {protect, Fly rC- SInv}
rCold   x . .      Faith    .    e - +2 buckler
rNeg    + . .      Spirit   .    x - +0 plate armour
rPois   ∞          Reflect  .    (no helmet)
rElec   +          Rampage  .    u - +0 cloak
rCorr   .          Rnd*Tele +    q - +0 pair of gloves
Will    .....                    n - +0 pair of boots Stlth
                                 D - amulet of the acrobat
HPRegen 0.30/turn                (no ring)
MPRegen 0.11/turn                (no ring)

@: under a protective aura, flying, unable to read
A: sickness immunity, AC +7, negative energy resistance 1, electricity
resistance, torment resistance 1, petrification resistance, [clumsy 2], [low MP
2], [teleportitis 1], [inability to read after injury 1]
a: Renounce Religion, Heroism, Finesse, Duel


You were on level 9 of the Dungeon.
You worshipped Okawaru.
Okawaru was extremely pleased with you.
You visited 2 branches of the dungeon, and saw 10 of its levels.
You visited the Abyss 1 time.

You collected 597 gold pieces.

Inventory:

Hand Weapons
 a - a +0 war axe
 C - the +4 morningstar "Jogotol" (weapon) {protect, Fly rC- SInv}
   (You found it on level 9 of the Dungeon)

   rC:        It makes you vulnerable to cold.
   SInv:      It lets you see invisible.
   Fly:       It grants you flight.
Missiles
 p - 16 javelins (quivered)
 t - 3 throwing nets
 y - 6 boomerangs
 B - 4 silver boomerangs
Armour
 e - a +2 buckler (worn)
 n - a +0 pair of boots (worn)
 q - a +0 pair of gloves (worn)
 u - a +0 cloak (worn)
 x - a +0 plate armour (worn)
Jewellery
 D - an amulet of the acrobat (around neck)
Wands
 d - a wand of mindburst (8)
 o - a wand of polymorph (3)
 r - a wand of paralysis (1)
Scrolls
 b - 3 scrolls of blinking
 i - 5 scrolls of magic mapping
 k - a scroll of enchant armour
 m - 4 scrolls of teleportation
 s - a scroll of poison
 w - 6 scrolls of identify
 A - a scroll of fear
Potions
 c - a potion of flight
 f - 2 potions of brilliance
 g - 2 potions of curing
 h - a potion of mutation
 j - 5 potions of attraction
 v - 3 potions of cancellation
 z - a potion of lignification


   Skills:
 + Level 6.5 Fighting
 + Level 4.9(5.0) Axes
 + Level 1.5(3.7) Maces & Flails
 - Level 5.4 Throwing
 * Level 8.3 Armour
 + Level 5.5 Dodging
 + Level 6.4 Shields
 * Level 3.1 Invocations
 * Level 2.4 Evocations


You had 9 spell levels left.
You didn't know any spells.
Your spell library contained the following spells:

 Spells                   Type           Power      Damage    Failure   Level
 Sting                    Tmut/Pois      0%         1d3       100%        1
 Ensorcelled Hibernation  Hex/Ice        0%         N/A       100%        2
 Poisonous Vapours        Pois/Air       0%         N/A       100%        2
 Inner Flame              Hex/Fire       0%         N/A       100%        3
 Kindle Blastsparks       Fire/Tloc/Air  0%         2d10      100%        3
 Spider Form              Tmut/Pois      0%         N/A       100%        3
 Vhi's Electric Charge    Tloc/Air       0%         N/A       100%        3
 Airstrike                Air            0%         2d(0-16)  100%        4
 Anguish                  Hex/Necr       0%         N/A       100%        4
 Cause Fear               Hex            0%         N/A       100%        4
 Fulminant Prism          Conj/Hex       0%         3d5       100%        4
 Iskenderun's Mystic Bla  Conj/Tloc      0%         2d3       100%        4
 Olgreb's Toxic Radiance  Pois           0%         N/A       100%        4
 Petrify                  Tmut/Erth      0%         N/A       100%        4
 Arcjolt                  Conj/Air       0%         1d10      100%        5
 Lee's Rapid Deconstruct  Erth           0%         3d4*      100%        5
 Metabolic Englaciation   Hex/Ice        0%         N/A       100%        5
 Plasma Beam              Fire/Air       0%         2x1d11    100%        5
 Discord                  Hex            0%         N/A       100%        8
 Maxwell's Capacitive Co  Air            0%         ∞         100%        8
 Summon Lightning Spire   Summ/Air       Unusable   N/A       N/A         4
 Statue Form              Tmut/Erth      Unusable   N/A       N/A         6

Dungeon Overview and Level Annotations

Branches:
Dungeon (9/15)             Temple (1/1) D:5            Lair (0/5) D:8
    Orc: D:9-12

Altars:
Ashenzari
Cheibriados
Dithmenos
Elyvilon
Fedhas
Gozag
Hepliaklqana
Kikubaaqudgha
Makhleb
Nemelex Xobeh
Okawaru
Qazlal
Ru
Sif Muna
Trog
Uskayaw
Vehumet
Wu Jian
Xom
Yredelemnul
Zin
The Shining One


Innate Abilities, Weirdness & Mutations

You are immune to sickness and miasma.
Your stone body is resilient. (AC +7)
You are immune to poison.
You resist negative energy. (rN+)
You are resistant to electric shocks. (rElec)
You are resistant to unholy torment.
You are immune to petrification.
[You are very clumsy. (Dex -4)]
[Your magical capacity is very low. (-20% MP)]
[You are occasionally teleported next to monsters.]
[You occasionally lose the ability to read scrolls when taking damage.]


Message History

You block the troll's attack.
The troll claws you but does no damage. x2
You impale the troll!!
You kill the troll!
Okawaru accepts your kill.
You feel the corruption within you wane somewhat.
You lose the ability to read scrolls when taking damage less often.
You feel stable.
Your body's shape seems more normal.
Your Invocations skill increases to level 3!
You puncture the white ugly thing!
The white ugly thing is lightly wounded.
The white ugly thing engulfs you! The white ugly thing freezes you!!!
You feel a terrible chill!
Ouch! That really hurt!
* * * LOW HITPOINT WARNING * * *
You puncture the white ugly thing!
The white ugly thing is moderately wounded.
The white ugly thing engulfs you but does no damage.
You hit the white ugly thing.
The white ugly thing is moderately wounded.
The white ugly thing engulfs you but does no damage.
You thump the white ugly thing!
The white ugly thing is heavily wounded.
You block the white ugly thing's attack.
You feel much better.
The white ugly thing closely misses you.
You puncture the white ugly thing!
The white ugly thing is severely wounded.
You feel like a meek peon again.
The white ugly thing engulfs you but does no damage.
You thump the white ugly thing!
The white ugly thing is severely wounded.
The white ugly thing barely misses you.
The white ugly thing engulfs you but does no damage.
You hit the white ugly thing.
The white ugly thing is severely wounded.
The white ugly thing engulfs you!
You feel threatened and lose the ability to read scrolls!
The white ugly thing freezes you!!
You feel a terrible chill!
Ouch! That really hurt!
You die...

###### #....=.....
#....####
#..........
##....'..#
#.......... .'....#
.## #..........
##....#
....#..........
##'### #.'..........
#.# #.......... #.#
###u####### #.##
#.@.# #..# ####.##
##.# #.....#
####'##### #.....#
.........### #.....#
.........'.###.....#
.....<...#...#.....#
.........###.......#
##'####### ###.....#


You could see a white ugly thing.

Vanquished Creatures
  Erolcha (D:9)
  A two-headed ogre (D:9)
  2 trolls (D:9)
  Grum (D:8)
  2 wyverns
  2 steam dragons
  2 black bears (D:5)
  An orc warrior (D:8)
  3 ice beasts
  2 centaurs (D:6)
  2 wolves (D:8)
  An ogre (D:6)
  2 phantoms
  A kobold brigand (D:6)
  A scorpion (D:4)
  2 bullfrogs
  5 wights (D:6)
  2 electric eels (D:9)
  5 hounds
  4 jellies
  A gnoll bouda (D:7)
  4 orc priests
  2 iguanas
  8 orc wizards
  12 gnolls
  4 adders
  2 worms (D:3)
  5 dart slugs
  34 orcs
  5 endoplasms
  A giant cockroach (D:3)
  4 goblins
  7 hobgoblins
  4 quokkas
  8 ball pythons
  3 bats (D:1)
  4 frilled lizards
  6 kobolds
  7 rats
163 creatures vanquished.

Vanquished Creatures (others)
  A kobold (D:1)
  4 fungi (D:9)
5 creatures vanquished.

Grand Total: 168 creatures vanquished

Notes
Turn   | Place    | Note
-------+----------+-------------------------------------------
     0 | D:1      | Dorkslayer the Gargoyle Fighter began the quest for the
                  | Orb.
     0 | D:1      | Reached XP level 1. HP: 14/14 MP: 1/1
   243 | D:1      | Reached XP level 2. HP: 19/19 MP: 2/2
   500 | D:2      | Identified the +5 sling of Rolopses {drain, rElec}
   574 | D:2      | Reached skill level 1 in Dodging
   574 | D:2      | Reached XP level 3. HP: 22/23 MP: 3/3
   601 | D:2      | Found a radiant altar of Vehumet.
   652 | D:2      | You fall into a shaft and drop 1 floor!
   932 | D:3      | Found a faded altar of an unknown god.
   936 | D:3      | Found a shimmering altar of Xom.
   961 | D:3      | Found a faded altar of an unknown god.
  1034 | D:3      | Reached XP level 4. HP: 29/29 MP: 4/4
  1113 | D:3      | Reached skill level 1 in Throwing
  1544 | D:4      | Noticed a scorpion
  1549 | D:4      | Killed a scorpion
  1550 | D:4      | Reached skill level 4 in Armour
  1550 | D:4      | Reached XP level 5. HP: 33/33 MP: 5/5
  2350 | D:5      | Entered Level 5 of the Dungeon
  2364 | D:5      | Noticed an ice beast
  2374 | D:5      | Killed an ice beast
  2375 | D:5      | Reached XP level 6. HP: 20/38 MP: 6/6
  2393 | D:5      | Found a shimmering blue altar of Sif Muna.
  2505 | D:5      | Found a staircase to the Ecumenical Temple.
  2514 | Temple   | Entered the Ecumenical Temple
  2579 | Temple   | Became a worshipper of Warmaster Okawaru
  2732 | D:5      | Noticed a black bear
  2742 | D:5      | Killed a black bear
  2743 | D:5      | Reached XP level 7. HP: 43/43 MP: 7/7
  2913 | D:5      | Reached * piety under Okawaru
  3072 | D:5      | Found a hazy altar of Hepliaklqana.
  3136 | D:5      | Reached skill level 5 in Armour
  3370 | D:6      | Reached XP level 8. HP: 46/48 MP: 8/8
  3371 | D:6      | Reached ** piety under Okawaru
  3468 | D:6      | Reached skill level 5 in Fighting
  3695 | D:6      | Reached skill level 6 in Armour
  3695 | D:6      | Reached skill level 5 in Shields
  3922 | D:7      | Reached *** piety under Okawaru
  3998 | D:7      | Found a large runed translucent door.
  3998 | D:7      | Found a large runed translucent door.
  4027 | D:7      | Reached XP level 9. HP: 40/54 MP: 9/9
  4116 | D:7      | Found an opulent altar of Gozag.
  4367 | D:7      | Found a white marble altar of Elyvilon.
  4389 | D:7      | Found a radiant altar of Vehumet.
  4431 | D:8      | Found a broken altar of Ashenzari.
  4547 | D:8      | Reached skill level 7 in Armour
  4717 | D:8      | Found a staircase to the Lair.
  4728 | D:8      | Reached skill level 5 in Throwing
  4740 | D:8      | Noticed a +0 short sword
  4740 | D:8      | Noticed a +0 falchion
  4740 | D:8      | Noticed a +0 dagger
  4740 | D:8      | Noticed a +0 dagger
  4741 | D:8      | Noticed a +0 falchion
  4741 | D:8      | Noticed a +0 spear
  4741 | D:8      | Noticed a +0 short sword
  4742 | D:8      | Noticed a +0 spear
  4770 | D:8      | Noticed Grum
  4789 | D:8      | Killed Grum
  4855 | D:8      | Reached skill level 5 in Dodging
  4932 | D:8      | Found a hide-covered altar of Uskayaw.
  4998 | D:9      | Noticed a troll
  5007 | D:9      | Reached **** piety under Okawaru
  5025 | D:9      | Killed a troll
  5025 | D:9      | Received a gift from Okawaru
  5274 | D:9      | Reached skill level 1 in Invocations
  5274 | D:9      | Reached skill level 1 in Evocations
  5274 | D:9      | Reached XP level 10. HP: 52/60 MP: 10/10
  5275 | D:9      | Identified the +4 morningstar "Jogotol" {protect, Fly rC-
                  | SInv}
  5365 | D:9      | Found a stormy altar of Qazlal.
  5388 | D:9      | Noticed a two-headed ogre
  5403 | D:9      | Killed a two-headed ogre
  5404 | D:9      | Reached skill level 1 in Maces & Flails
  5404 | D:9      | Reached skill level 8 in Armour
  5435 | D:9      | Noticed Erolcha
  5444 | Abyss:1  | Cast into level 1 of the Abyss (Erolcha)
  5495 | Abyss:1  | Found a corrupted altar of Lugonu.
  5518 | Abyss:1  | Noticed a wretched star
  5584 | Abyss:1  | Noticed a sixfirhy
  5618 | Abyss:4  | Found a corrupted altar of Lugonu.
  5619 | Abyss:4  | Noticed a large abomination
  5649 | D:9      | Escaped the Abyss
  5653 | D:9      | Paralysed by Erolcha for 3 turns
  5661 | D:9      | Killed Erolcha
  5661 | D:9      | Reached ***** piety under Okawaru
  5661 | D:9      | Received a gift from Okawaru
  5661 | D:9      | Received a gift from Okawaru
  5929 | D:9      | Noticed a white ugly thing
  5949 | D:9      | Mangled by a white ugly thing

Illustrated notes

Levels and vault maps discovered:
D:1:      eino_arrival_water_star, layout_rooms
D:2:      layout_rooms, basic_altar
D:3:      layout_basic, nicolae_overflow_ecumenical_swirl,
          shapermc_ecumenical_altar_totnotflames, serial_park_tiny_pond,
          chequers_arboretum
D:4:      layout_gridville
D:5:      black_bear_nest_2, layout_loops_ring,
          nicolae_hepliaklqana_hippocampus, kennysheep_mini_moat,
          minmay_temple_entry_mini_moons, amcnicky_mini_rare_corridor_liquid
D:6:      layout_loops_ring
D:7:      layout_rooms, nicolae_gozag_seed_capital, jmf_multi_god_temple2
D:8:      layout_rooms, nicolae_uskayaw_en_pointe, cheibrodos_ashenzari_chains,
          lair_entry_dummy, serial_corexii_hall, corexii_hall_statues_l,
          chequers_hall_statues_y, corexii_hall_statues_deadend,
          hellmonk_bongcloud_opening, chequers_hall_statues_wall_a, uniq_grum
D:9:      layout_roguey, nicolae_qazlal_general_emergency, water_boxes_lemuel,
          uniq_erolcha
Temple:   compressed_dpeg_triangle_lava_temple

Skill      XL: |  1  2  3  4  5  6  7  8  9 10 |
---------------+-------------------------------+-----
Axes           | 2 3 4 |  4.9
Dodging        | 1 2 3 4 5 |  5.5
Throwing       | 1 2 3 4 5 |  5.4
Armour         | 4 5 6 7 8 |  8.3
Fighting       | 4 5 6 |  6.5
Shields        | 4 5 6 |  6.4
Invocations    | 1 3 |  3.1
Evocations     | 1 2 |  2.4
Maces & Flails | 1 |  1.5

Action                     |  1- 3 |  4- 6 |  7- 9 | 10-12 || total
---------------------------+-------+-------+-------+-------++-------
  Melee: War axe           |    84 |   131 |   343 |       ||   558
         Morningstar       |       |       |       |    43 ||    43
  Throw: Javelin           |       |       |    21 |    10 ||    31
 Invoke: Heroism           |       |       |       |     1 ||     1
  Evoke: Wand              |       |       |     2 |     9 ||    11
    Use: Scroll            |     7 |     9 |     3 |     2 ||    21
         Potion            |       |     2 |    10 |     1 ||    13
   Stab: Invisible         |       |       |     4 |       ||     4
 Armour: Scale mail        |    50 |    20 |       |       ||    70
         Plate armour      |       |   105 |   382 |    35 ||   522
  Dodge: Dodged            |    52 |    46 |   163 |    24 ||   285
  Block: Buckler           |    36 |    56 |   173 |    23 ||   288

Table legend: (Time is in decaauts)
 A = Elapsed time spent in this place.
 B = Non-inter-level travel time spent in this place.
 C = Inter-level travel time spent in this place.
 D = Time resting spent in this place.
 E = Time spent auto-exploring this place.
 F = Levels seen in this place.
 G = Mean time per level.
                   A        B        C        D        E       F      G
               +--------+--------+--------+--------+--------+-----+--------+
         Total |   6182 |   6182 |      0 |     36 |   1848 |  14 |  441.6 |
       Dungeon |   5902 |   5902 |      0 |     36 |   1848 |   9 |  655.8 |
        Temple |     71 |     71 |      0 |      0 |      0 |   1 |   71.0 |
         Abyss |    208 |    208 |      0 |      0 |      0 |   4 |   52.0 |
               +--------+--------+--------+--------+--------+-----+--------+

Top non-repeatable levels by time:
     D:4: 919 daAuts
     D:5: 873 daAuts
     D:9: 786 daAuts
     D:6: 639 daAuts
     D:3: 599 daAuts
     D:8: 590 daAuts
     D:7: 581 daAuts
     D:1: 506 daAuts
     D:2: 407 daAuts
 Abyss:1: 148 daAuts
  Temple: 71 daAuts
 Abyss:4: 40 daAuts
 Abyss:2: 11 daAuts
 Abyss:3: 6 daAuts
